Panthers vs Flames
Created - April 15, 2024 at 19:13
Goals
|
| Panthers |
2 |
1 |
0 |
0 |
3 |
| Flames |
2 |
0 |
1 |
1 |
4 |
|
Shots
|
| Panthers |
6 |
6 |
10 |
3 |
25 |
| Flames |
19 |
10 |
6 |
5 |
40 |
|
1st period
1. Panthers , Kris Versteeg 36 (Mikkel Boedker 44, Matt Duchene 69) at 3:26
2. Flames , Tanner Pearson 25 (Eric Staal 46) at 11:56 (PP)
3. Panthers , Victor Oreskovich 5 (Miro Aaltonen 27, Alex Iafallo 24) at 16:07
4. Flames , Patrik Berglund 30 (Jimmy Hayes 42, Esa Lindell 16) at 17:13
Penalties :
Mikkel Boedker (Flo) for Roughing (Minor) at 5:15, David Ullstrom (Cal) for High sticking (Minor) at 9:06, Blake Geoffrion (Flo) for Holding (Minor) at 11:34, Mikkel Boedker (Flo) for High sticking (Minor) at 12:39, Patrik Berglund (Cal) for Hooking (Minor) at 19:07
2nd period
5. Panthers , Danny DeKeiser 2 (Victor Oreskovich 14, Brian Elliott) at 0:30 (PP)
Penalties :
Mikkel Boedker (Flo) for Tripping (Minor) at 3:46, Victor Oreskovich (Flo) for Interference (Minor) at 8:03
3rd period
6. Flames , Bryan Rust 23 (Eric Staal 47, Sami Vatanen 26) at 19:14
Penalties :
Mikkel Boedker (Flo) for Hooking (Minor) at 1:31, Dion Phaneuf (Flo) for High sticking (Minor) at 8:24, David Savard (Cal) for Roughing (Minor) at 11:24, Jordan Staal (Flo) for Cross-checking (Minor) at 15:23
Overtime #1
7. Flames , Patrik Berglund 31 (Jimmy Hayes 43, Eric Staal 48) at 3:08
Penalties :
No Penalty
Goalie Stats
Brian Elliott (Flo), 36 saves from 40 shots - (0.900), OTL, 11-17-3, 63:08 minutes
Christopher Gibson (Cal), 22 saves from 25 shots - (0.880), W, 31-18-3, 63:04 minutes
Players Stats for Panthers
Player Name G A P +/- PIM S H SB GA TA FO MP PP MP PK MP
------------------------------------------------------------------------------------
Alex Iafallo 0 1 1 -2 0 1 0 0 1 0 0/2 17:01 0:00 6:01
Alex Pietrangelo 0 0 0 0 0 3 2 0 2 1 0/0 32:09 3:41 7:54
Blake Geoffrion 0 0 0 0 2 0 0 0 0 0 0/0 7:26 0:00 0:50
Danny DeKeiser 1 0 1 -1 0 2 2 1 2 2 0/0 24:28 3:41 6:21
Dion Phaneuf 0 0 0 -1 2 1 0 3 0 0 0/0 15:00 1:40 0:00
Griffin Reinhart 0 0 0 0 0 1 0 0 0 0 0/0 9:50 1:40 0:00
Jerry D'Amigo 0 0 0 0 0 0 0 1 0 0 0/0 5:16 0:00 0:00
Jordan Staal 0 0 0 -1 2 2 2 0 2 0 3/4 13:38 0:00 1:55
Kirill Kaprizov 0 0 0 0 0 1 0 0 0 0 0/0 12:09 2:33 0:00
Kris Versteeg 1 0 1 0 0 3 1 1 0 0 1/3 26:11 2:48 7:08
Matt Duchene 0 1 1 1 0 2 3 1 1 0 17/26 18:37 2:48 0:00
Mikkel Boedker 0 1 1 1 8 1 1 1 1 0 1/3 18:02 2:48 0:00
Miro Aaltonen 0 1 1 0 0 3 2 1 0 0 7/15 18:17 2:33 5:05
Niklas Hansson 0 0 0 1 0 0 1 1 0 3 0/0 25:57 0:00 7:54
Petr Straka 0 0 0 0 0 1 1 0 0 0 2/2 9:15 0:00 0:00
Quinton Howden 0 0 0 -1 0 2 1 1 0 1 3/16 13:40 0:00 7:31
Ryan O'Byrne 0 0 0 0 0 1 1 1 0 0 0/0 15:46 0:00 6:21
Victor Oreskovich 1 1 2 0 2 1 1 0 0 0 0/1 12:19 2:33 0:00
Players Stats for Flames
Player Name G A P +/- PIM S H SB GA TA FO MP PP MP PK MP
------------------------------------------------------------------------------------
Anders Lee 0 0 0 -1 0 0 0 1 0 0 3/7 10:13 0:04 0:56
Brad Marchand 0 0 0 0 0 2 1 1 0 1 1/1 19:02 0:04 3:45
Bryan Rust 1 0 1 0 0 2 1 0 1 2 1/3 17:38 0:04 2:26
Colin Wilson 0 0 0 0 0 1 0 0 0 0 3/4 7:13 0:00 0:00
David Savard 0 0 0 0 2 1 2 1 0 0 0/0 12:03 0:00 2:12
David Ullstrom 0 0 0 0 2 2 1 0 0 0 0/0 8:21 0:00 0:26
Eric Staal 0 3 3 1 0 6 1 2 0 0 22/42 23:09 6:44 0:58
Erik Johnson 0 0 0 1 0 1 1 1 1 2 0/0 31:13 8:17 2:19
Esa Lindell 0 1 1 0 0 1 1 0 0 0 0/0 18:52 5:58 0:45
Jake DeBrusk 0 0 0 0 0 2 0 0 2 0 0/0 15:14 7:27 0:00
Jimmy Hayes 0 2 2 1 0 4 3 0 0 0 1/2 17:25 6:44 0:00
Kevin Labanc 0 0 0 0 0 2 1 1 0 1 1/1 15:14 7:27 0:00
Kyle Palmieri 0 0 0 0 0 1 1 0 1 0 0/0 7:50 0:00 0:00
Mathieu Brodeur 0 0 0 0 0 1 1 0 0 3 0/0 13:12 0:00 3:20
Patrik Berglund 2 0 2 1 2 4 0 0 0 0 5/10 20:53 7:27 2:11
Rasmus Andersson 0 0 0 0 0 2 1 0 1 0 0/0 19:17 5:58 0:56
Sami Vatanen 0 1 1 0 0 4 2 3 0 0 0/0 28:31 8:17 1:10
Tanner Pearson 1 0 1 0 0 4 1 0 1 0 1/2 18:40 6:44 0:00
3 Stars
1 - Eric Staal (Cal)
2 - Patrik Berglund (Cal)
3 - Jimmy Hayes (Cal)
Power Play
Panthers - 1 on 3 Attempt(s) - 33.33%
Flames - 1 on 8 Attempt(s) - 12.50%
Penalty Kill
Panthers - 7 on 8 Attempt(s) - 87.50%
- Score 0 goal in Penalty Kill
Flames - 2 on 3 Attempt(s) - 66.67%
- Score 0 goal in Penalty Kill
Team Stat
Panthers - Hits : 18 - Faceoff Wins : 34 - Blocked Shots : 12 - Penalty Minutes : 16
Flames - Hits : 18 - Faceoff Wins : 38 - Blocked Shots : 10 - Penalty Minutes : 6
Official
Referees : Conor O'Donnell and Dean Morton
Linesman : Andrew Smith and Travis Toomey
Game Notes
12:45 of 1st period - Flames goal is going for a video replay. After video review, No Goal. The puck has been directed, batted or thrown into the net by an attacking player other than with a stick.
Finance
Level 1 -- Attendance: 6000 (100.00%) -- Ticket Income $600,000
Level 2 -- Attendance: 4912 (98.24%) -- Ticket Income $294,720
Level 3 -- Attendance: 1953 (97.65%) -- Ticket Income $68,355
Level 4 -- Attendance: 4000 (100.00%) -- Ticket Income $100,000
Luxury Box -- Attendance: 959 (95.90%) -- Ticket Income $191,800
Game was played at the Scotiabank Saddledome.
Total Attendance: 17824 (99.02%)
Total Ticket Income: $1,254,875
Other Income: $188,231
Total Income: $1,443,106
Panthers
5 vs 5 Forward
Center Left Wing Right Wing Time % Phy DF OF
1 Matt Duchene Mikkel Boedker Kris Versteeg 40 0 2 3
2 Miro Aaltonen Alex Iafallo Victor Oreskovich 30 0 2 3
3 Jordan Staal Kirill Kaprizov Petr Straka 20 1 2 2
4 Quinton Howden Blake Geoffrion Jerry D'Amigo 10 1 2 2
5 vs 5 Defense
Defense Defense Time % Phy DF OF
1 Alex Pietrangelo Niklas Hansson 40 0 2 3
2 Dion Phaneuf Danny DeKeiser 30 0 2 3
3 Ryan O'Byrne Griffin Reinhart 20 1 2 2
4 Alex Pietrangelo Niklas Hansson 10 0 2 3
PowerPlay Forward
Center Left Wing Right Wing Time % Phy DF OF
1 Matt Duchene Mikkel Boedker Kris Versteeg 60 0 1 4
2 Miro Aaltonen Kirill Kaprizov Victor Oreskovich 40 0 1 4
PowerPlay Defense
Defense Defense Time % Phy DF OF
1 Alex Pietrangelo Danny DeKeiser 60 0 2 3
2 Dion Phaneuf Griffin Reinhart 40 0 2 3
Penalty Kill 4 Players Forward
Center Wing Time % Phy DF OF
1 Quinton Howden Kris Versteeg 60 1 3 1
2 Miro Aaltonen Alex Iafallo 40 1 3 1
Penalty Kill 4 Players Defense
Defense Defense Time % Phy DF OF
1 Alex Pietrangelo Niklas Hansson 60 1 3 1
2 Danny DeKeiser Ryan O'Byrne 40 1 3 1
Penalty Kill - 3 Players Forward
Forward Time % Phy DF OF
1 Kris Versteeg 60 1 3 1
2 Quinton Howden 40 1 3 1
Penalty Kill - 3 Players Defense
Defense Defense Time % Phy DF OF
1 Alex Pietrangelo Niklas Hansson 60 1 3 1
2 Danny DeKeiser Ryan O'Byrne 40 1 3 1
4 vs 4 Forward
Center Wing Time % Phy DF OF
1 Matt Duchene Mikkel Boedker 60 0 2 3
2 Miro Aaltonen Kris Versteeg 40 0 2 3
4 vs 4 Defense
Defense Defense Time % Phy DF OF
1 Alex Pietrangelo Niklas Hansson 60 0 2 3
2 Dion Phaneuf Danny DeKeiser 40 1 2 2
Last Minutes Offensive
Center Left Wing Right Wing Defense Defense
Matt Duchene Mikkel Boedker Kris Versteeg Alex Pietrangelo Griffin Reinhart
Last Minutes Defensive
Center Left Wing Right Wing Defense Defense
Quinton Howden Alex Iafallo Kris Versteeg Danny DeKeiser Niklas Hansson
Goaltenders
Starting : Brian Elliott
Backup : Ville Husso
Extra Forwards
Normal : Kirill Kaprizov, Mikkel Boedker, Matt Duchene - PP : Kirill Kaprizov, Matt Duchene - PK : Miro Aaltonen
Extra Defensemen
Normal : Dion Phaneuf, Alex Pietrangelo, Niklas Hansson - PP : Alex Pietrangelo - PK : Dion Phaneuf, Niklas Hansson
Penalty Shots
Mikkel Boedker, Jordan Staal, Miro Aaltonen, Kris Versteeg, Matt Duchene
Custom OT Lines Forwards
Matt Duchene, Kris Versteeg, Alex Iafallo, Jordan Staal, Miro Aaltonen, Quinton Howden, Blake Geoffrion, Mikkel Boedker, Kirill Kaprizov, Petr Straka
Custom OT Lines Defensemen
Alex Pietrangelo, Dion Phaneuf, Niklas Hansson, Ryan O'Byrne, Danny DeKeiser
Scratches
Nikita Tryamkin (Healthy)
Flames
5 vs 5 Forward
Center Left Wing Right Wing Time % Phy DF OF
1 Eric Staal Brad Marchand Bryan Rust 40 1 2 2
2 Patrik Berglund Tanner Pearson Jimmy Hayes 30 1 2 2
3 Colin Wilson Jake DeBrusk Kevin Labanc 20 1 2 2
4 Anders Lee David Ullstrom Kyle Palmieri 10 1 2 2
5 vs 5 Defense
Defense Defense Time % Phy DF OF
1 Erik Johnson Sami Vatanen 40 1 2 2
2 Esa Lindell Rasmus Andersson 30 1 2 2
3 Mathieu Brodeur David Savard 20 1 2 2
4 Erik Johnson Sami Vatanen 10 1 2 2
PowerPlay Forward
Center Left Wing Right Wing Time % Phy DF OF
1 Eric Staal Tanner Pearson Jimmy Hayes 60 1 1 3
2 Patrik Berglund Jake DeBrusk Kevin Labanc 40 1 1 3
PowerPlay Defense
Defense Defense Time % Phy DF OF
1 Erik Johnson Sami Vatanen 60 1 1 3
2 Esa Lindell Rasmus Andersson 40 1 1 3
Penalty Kill 4 Players Forward
Center Wing Time % Phy DF OF
1 Patrik Berglund Brad Marchand 60 1 2 2
2 Eric Staal Bryan Rust 40 1 2 2
Penalty Kill 4 Players Defense
Defense Defense Time % Phy DF OF
1 Mathieu Brodeur David Savard 60 1 2 2
2 Erik Johnson Sami Vatanen 40 1 2 2
Penalty Kill - 3 Players Forward
Forward Time % Phy DF OF
1 Eric Staal 60 1 2 2
2 Patrik Berglund 40 1 2 2
Penalty Kill - 3 Players Defense
Defense Defense Time % Phy DF OF
1 Erik Johnson Sami Vatanen 60 1 2 2
2 Mathieu Brodeur David Savard 40 1 2 2
4 vs 4 Forward
Center Wing Time % Phy DF OF
1 Eric Staal Bryan Rust 60 1 2 2
2 Patrik Berglund Brad Marchand 40 1 2 2
4 vs 4 Defense
Defense Defense Time % Phy DF OF
1 Erik Johnson Sami Vatanen 60 1 2 2
2 Esa Lindell Rasmus Andersson 40 1 2 2
Last Minutes Offensive
Center Left Wing Right Wing Defense Defense
Eric Staal Brad Marchand Bryan Rust Sami Vatanen Erik Johnson
Last Minutes Defensive
Center Left Wing Right Wing Defense Defense
Eric Staal Brad Marchand Bryan Rust Sami Vatanen Erik Johnson
Goaltenders
Starting : Christopher Gibson
Backup : Henrik Lundqvist
Extra Forwards
Normal : Tanner Pearson, Jimmy Hayes, Patrik Berglund - PP : Jake DeBrusk, Anders Lee - PK : Bryan Rust
Extra Defensemen
Normal : Esa Lindell, Rasmus Andersson, Mathieu Brodeur - PP : Esa Lindell - PK : Rasmus Andersson, David Savard
Penalty Shots
Eric Staal, Tanner Pearson, Jimmy Hayes, Kyle Palmieri, Patrik Berglund
Custom OT Lines Forwards
Eric Staal, Tanner Pearson, Patrik Berglund, Jimmy Hayes, Bryan Rust, Brad Marchand, Colin Wilson, Jake DeBrusk, Kevin Labanc, Kyle Palmieri
Custom OT Lines Defensemen
Erik Johnson, Sami Vatanen, Rasmus Andersson, Esa Lindell, David Savard
Scratches
Chris Brown (Healthy), Christian Folin (Left Hip Injury), Colby Robak (Left Ankle Injury), Matthew Nieto (Healthy), Victor Rask (Healthy)
% Time on Ice - Panthers
Lines # - Real PCT - Wanted PCT - Time Play
Normal Forward
1 - 38% - 40% - 15:21
2 - 25% - 30% - 10:05
3 - 23% - 20% - 9:15
4 - 13% - 10% - 5:16
Normal Defense
1 - 44% - 40% - 17:37
2 - 34% - 30% - 13:34
3 - 20% - 20% - 8:06
4 - 2% - 10% - 0:40
PP Forward
1 - 52% - 60% - 2:48
2 - 48% - 40% - 2:33
PP Defense
1 - 69% - 60% - 3:41
2 - 31% - 40% - 1:40
PK Forward
1 - 71% - 60% - 10:11
2 - 29% - 40% - 4:04
PK Defense
1 - 55% - 60% - 7:54
2 - 45% - 40% - 6:21
PK3 Forward
1 - 0% - 60%
2 - 0% - 40%
PK3 Defense
1 - 0% - 60%
2 - 0% - 40%
44 Forward
1 - 0% - 60%
2 - 0% - 40%
44 Defense
1 - 0% - 60%
2 - 0% - 40%
Last Minute Offensive - 0:00
Last Minute Defensive - 0:27
Total
Forward - 60:00
Defense - 60:00
|
% Time on Ice - Flames
Lines # - Real PCT - Wanted PCT - Time Play
Normal Forward
1 - 36% - 40% - 14:28
2 - 26% - 30% - 10:23
3 - 18% - 20% - 7:13
4 - 20% - 10% - 7:50
Normal Defense
1 - 42% - 40% - 16:36
2 - 32% - 30% - 12:35
3 - 25% - 20% - 9:51
4 - 2% - 10% - 0:52
PP Forward
1 - 48% - 60% - 6:48
2 - 52% - 40% - 7:27
PP Defense
1 - 58% - 60% - 8:17
2 - 42% - 40% - 5:58
PK Forward
1 - 82% - 60% - 4:23
2 - 18% - 40% - 0:58
PK Defense
1 - 78% - 60% - 4:11
2 - 22% - 40% - 1:10
PK3 Forward
1 - 0% - 60%
2 - 0% - 40%
PK3 Defense
1 - 0% - 60%
2 - 0% - 40%
44 Forward
1 - 0% - 60%
2 - 0% - 40%
44 Defense
1 - 0% - 60%
2 - 0% - 40%
Last Minute Offensive - 0:30
Last Minute Defensive - 0:00
Total
Forward - 60:00
Defense - 60:00
|
Play-by-Play
1st period
0:01 of 1st period - Matt Duchene wins face-off versus Eric Staal in neutral zone.
1:13 of 1st period - Danny DeKeiser is hit by David Savard and loses puck.
1:36 of 1st period - Wrist shot by Bryan Rust.
1:36 of 1st period - Stopped by Brian Elliott with a rebound.
1:42 of 1st period - Mathieu Brodeur is hit by Matt Duchene and loses puck.
3:06 of 1st period - Slapshot by Miro Aaltonen.
3:06 of 1st period - Shot Misses the Net.
3:08 of 1st period - Backhand shot by Miro Aaltonen.
3:08 of 1st period - Stopped by Christopher Gibson with a rebound.
3:20 of 1st period - Wrist shot by Matt Duchene.
3:20 of 1st period - Shot Misses the Net.
3:22 of 1st period - Slapshot by Matt Duchene.
3:22 of 1st period - Stopped by Christopher Gibson with a rebound.
3:24 of 1st period - Wrist shot by Mikkel Boedker.
3:24 of 1st period - Shot Hit the Post.
3:26 of 1st period - Wrist shot by Kris Versteeg.
3:26 of 1st period - Goal by Kris Versteeg - Panthers : 1 - Flames : 0.
3:27 of 1st period - Matt Duchene wins face-off versus Eric Staal in neutral zone.
4:23 of 1st period - Wrist shot by Kevin Labanc.
4:23 of 1st period - Stopped by Brian Elliott without a rebound.
4:24 of 1st period - Matt Duchene wins face-off versus Eric Staal in Panthers zone.
4:32 of 1st period - Off-side.
4:33 of 1st period - Kris Versteeg wins face-off versus Eric Staal in neutral zone.
5:00 of 1st period - Snap shot by Brad Marchand.
5:00 of 1st period - Stopped by Brian Elliott with a rebound.
5:15 of 1st period - Minor Penalty to Mikkel Boedker for Roughing.
5:16 of 1st period - Quinton Howden wins face-off versus Patrik Berglund in Panthers zone.
5:43 of 1st period - Erik Johnson is hit by Miro Aaltonen and loses puck.
6:42 of 1st period - Patrik Berglund is hit by Niklas Hansson and loses puck.
7:15 of 1st period - Penalty to Mikkel Boedker is over, Mikkel Boedker is back on ice.
7:41 of 1st period - Icing by Sami Vatanen.
7:42 of 1st period - Matt Duchene wins face-off versus Eric Staal in Flames zone.
7:47 of 1st period - Snap shot by Kris Versteeg.
7:47 of 1st period - Shot Misses the Net.
7:49 of 1st period - Slapshot by Danny DeKeiser.
7:49 of 1st period - Deflect By Rasmus Andersson.
7:49 of 1st period - Stopped by Christopher Gibson without a rebound.
7:50 of 1st period - Eric Staal wins face-off versus Miro Aaltonen in Flames zone.
7:50 of 1st period - Eric Staal is hit by Danny DeKeiser.
8:03 of 1st period - Slapshot by Eric Staal.
8:03 of 1st period - Stopped by Brian Elliott with a rebound.
8:12 of 1st period - Icing by Brad Marchand.
8:13 of 1st period - Eric Staal wins face-off versus Matt Duchene in Flames zone.
9:03 of 1st period - Wrist shot by Mikkel Boedker.
9:03 of 1st period - Deflect By Kris Versteeg.
9:03 of 1st period - Shot Blocked by Eric Staal.
9:03 of 1st period - Puck is out of play.
9:04 of 1st period - Anders Lee wins face-off versus Miro Aaltonen in Flames zone.
9:06 of 1st period - Minor Penalty to David Ullstrom for High sticking.
9:07 of 1st period - Miro Aaltonen wins face-off versus Patrik Berglund in Flames zone.
9:34 of 1st period - Icing by Mikkel Boedker.
9:35 of 1st period - Matt Duchene wins face-off versus Bryan Rust in Panthers zone.
9:40 of 1st period - Erik Johnson is hit by Mikkel Boedker and loses puck.
9:51 of 1st period - Matt Duchene is hit by Sami Vatanen and loses puck.
10:02 of 1st period - Off-side.
10:03 of 1st period - Miro Aaltonen wins face-off versus Eric Staal in neutral zone.
11:06 of 1st period - Penalty to David Ullstrom is over, David Ullstrom is back on ice.
11:16 of 1st period - Slapshot by Erik Johnson.
11:16 of 1st period - Shot Blocked by Quinton Howden.
11:34 of 1st period - Minor Penalty to Blake Geoffrion for Holding.
11:35 of 1st period - Eric Staal wins face-off versus Quinton Howden in Panthers zone.
11:46 of 1st period - Slapshot by Jimmy Hayes.
11:46 of 1st period - Stopped by Brian Elliott without a rebound.
11:47 of 1st period - Eric Staal wins face-off versus Quinton Howden in Panthers zone.
11:52 of 1st period - Snap shot by Eric Staal.
11:52 of 1st period - Stopped by Brian Elliott without a rebound.
11:53 of 1st period - Eric Staal wins face-off versus Quinton Howden in Panthers zone.
11:54 of 1st period - Slapshot by Tanner Pearson.
11:54 of 1st period - Shot Misses the Net.
11:56 of 1st period - Snap shot by Tanner Pearson.
11:56 of 1st period - Goal by Tanner Pearson - Panthers : 1 - Flames : 1.
11:57 of 1st period - Patrik Berglund wins face-off versus Miro Aaltonen in neutral zone.
12:27 of 1st period - Snap shot by Esa Lindell.
12:27 of 1st period - Stopped by Brian Elliott with a rebound.
12:29 of 1st period - Slapshot by Rasmus Andersson.
12:29 of 1st period - Stopped by Brian Elliott with a rebound.
12:31 of 1st period - Snap shot by Esa Lindell.
12:31 of 1st period - Shot Misses the Net.
12:33 of 1st period - Slapshot by Rasmus Andersson.
12:33 of 1st period - Shot Misses the Net.
12:39 of 1st period - Minor Penalty to Mikkel Boedker for High sticking.
12:40 of 1st period - Eric Staal wins face-off versus Quinton Howden in Panthers zone.
12:41 of 1st period - Snap shot by Jimmy Hayes.
12:41 of 1st period - Shot Misses the Net.
12:43 of 1st period - Snap shot by Jimmy Hayes.
12:43 of 1st period - Shot Misses the Net.
12:45 of 1st period - Slapshot by Jimmy Hayes.
12:45 of 1st period - Flames goal is going for a video replay.
12:45 of 1st period - The goal is refused. The puck has been directed, batted or thrown into the net by an attacking player other than with a stick..
12:46 of 1st period - Eric Staal wins face-off versus Quinton Howden in Panthers zone.
12:47 of 1st period - Backhand shot by Jimmy Hayes.
12:47 of 1st period - Stopped by Brian Elliott with a rebound.
12:49 of 1st period - Backhand shot by Sami Vatanen.
12:49 of 1st period - Stopped by Brian Elliott with a rebound.
12:51 of 1st period - Wrist shot by Sami Vatanen.
12:51 of 1st period - Shot Blocked by Ryan O'Byrne.
12:53 of 1st period - Slapshot by Sami Vatanen.
12:53 of 1st period - Shot Blocked by Danny DeKeiser.
14:39 of 1st period - Penalty to Mikkel Boedker is over, Mikkel Boedker is back on ice.
15:34 of 1st period - Snap shot by Jordan Staal.
15:34 of 1st period - Shot Blocked by Brad Marchand.
15:57 of 1st period - Icing by Anders Lee.
15:58 of 1st period - Miro Aaltonen wins face-off versus Anders Lee in Flames zone.
16:05 of 1st period - Wrist shot by Miro Aaltonen.
16:05 of 1st period - Shot Misses the Net.
16:07 of 1st period - Wrist shot by Victor Oreskovich.
16:07 of 1st period - Goal by Victor Oreskovich - Panthers : 2 - Flames : 1.
16:08 of 1st period - Patrik Berglund wins face-off versus Miro Aaltonen in neutral zone.
16:54 of 1st period - Eric Staal is hit by Quinton Howden and loses puck.
17:11 of 1st period - Snap shot by Jimmy Hayes.
17:11 of 1st period - Stopped by Brian Elliott with a rebound.
17:13 of 1st period - Snap shot by Patrik Berglund.
17:13 of 1st period - Goal by Patrik Berglund - Panthers : 2 - Flames : 2.
17:14 of 1st period - Jimmy Hayes wins face-off versus Miro Aaltonen in neutral zone.
17:52 of 1st period - Slapshot by Jordan Staal.
17:52 of 1st period - Stopped by Christopher Gibson without a rebound.
17:53 of 1st period - Patrik Berglund wins face-off versus Matt Duchene in Flames zone.
17:58 of 1st period - Slapshot by Sami Vatanen.
17:58 of 1st period - Shot Misses the Net.
18:00 of 1st period - Slapshot by Sami Vatanen.
18:00 of 1st period - Stopped by Brian Elliott without a rebound.
18:01 of 1st period - Matt Duchene wins face-off versus Patrik Berglund in Panthers zone.
18:01 of 1st period - Matt Duchene is hit by Jimmy Hayes.
18:15 of 1st period - Snap shot by Jimmy Hayes.
18:15 of 1st period - Shot Misses the Net.
18:20 of 1st period - Wrist shot by Tanner Pearson.
18:20 of 1st period - Shot Misses the Net.
18:22 of 1st period - Slapshot by Sami Vatanen.
18:22 of 1st period - Stopped by Brian Elliott with a rebound.
18:24 of 1st period - Snap shot by Patrik Berglund.
18:24 of 1st period - Stopped by Brian Elliott with a rebound.
18:26 of 1st period - Snap shot by Tanner Pearson.
18:26 of 1st period - Shot Misses the Net.
18:28 of 1st period - Wrist shot by Erik Johnson.
18:28 of 1st period - Deflect By Matt Duchene.
18:28 of 1st period - Stopped by Brian Elliott without a rebound.
18:29 of 1st period - Kevin Labanc wins face-off versus Alex Iafallo in Panthers zone.
18:40 of 1st period - Slapshot by Colin Wilson.
18:40 of 1st period - Stopped by Brian Elliott without a rebound.
18:41 of 1st period - Patrik Berglund wins face-off versus Victor Oreskovich in Panthers zone.
19:07 of 1st period - Minor Penalty to Patrik Berglund for Hooking.
19:08 of 1st period - Matt Duchene wins face-off versus Bryan Rust in Flames zone.
Goals for this period are 2 for Panthers vs 2 for Flames.
Shots for this period are 6 for Panthers vs 19 for Flames.
2nd period
0:01 of 2nd period - Bryan Rust wins face-off versus Matt Duchene in neutral zone.
0:16 of 2nd period - Slapshot by Alex Pietrangelo.
0:16 of 2nd period - Stopped by Christopher Gibson with a rebound.
0:30 of 2nd period - Wrist shot by Danny DeKeiser.
0:30 of 2nd period - Goal by Danny DeKeiser - Panthers : 3 - Flames : 2.
0:31 of 2nd period - Eric Staal wins face-off versus Alex Iafallo in neutral zone.
1:00 of 2nd period - Sami Vatanen is hit by Petr Straka and loses puck.
1:11 of 2nd period - Wrist shot by Jordan Staal.
1:11 of 2nd period - Shot Misses the Net.
1:54 of 2nd period - Slapshot by Esa Lindell.
1:54 of 2nd period - Shot Blocked by Dion Phaneuf.
1:56 of 2nd period - Snap shot by Brad Marchand.
1:56 of 2nd period - Shot Blocked by Kris Versteeg.
1:58 of 2nd period - Slapshot by Bryan Rust.
1:58 of 2nd period - Shot Blocked by Mikkel Boedker.
2:18 of 2nd period - Backhand shot by David Ullstrom.
2:18 of 2nd period - Deflect By Anders Lee.
2:18 of 2nd period - Shot Misses the Net.
2:18 of 2nd period - Puck is out of play.
2:19 of 2nd period - Jordan Staal wins face-off versus Tanner Pearson in Panthers zone.
2:27 of 2nd period - Alex Pietrangelo is hit by Mathieu Brodeur and loses puck.
2:36 of 2nd period - Niklas Hansson is hit by Jimmy Hayes and loses puck.
3:11 of 2nd period - Wrist shot by Kyle Palmieri.
3:11 of 2nd period - Stopped by Brian Elliott without a rebound.
3:12 of 2nd period - Anders Lee wins face-off versus Quinton Howden in Panthers zone.
3:25 of 2nd period - Wrist shot by Quinton Howden.
3:25 of 2nd period - Stopped by Christopher Gibson with a rebound.
3:27 of 2nd period - Slapshot by Jerry D'Amigo.
3:27 of 2nd period - Shot Blocked by Anders Lee.
3:29 of 2nd period - Snap shot by Griffin Reinhart.
3:29 of 2nd period - Shot Blocked by Erik Johnson.
3:31 of 2nd period - Wrist shot by Quinton Howden.
3:31 of 2nd period - Shot Misses the Net.
3:33 of 2nd period - Slapshot by Ryan O'Byrne.
3:33 of 2nd period - Stopped by Christopher Gibson without a rebound.
3:34 of 2nd period - Miro Aaltonen wins face-off versus Eric Staal in Flames zone.
3:41 of 2nd period - Wrist shot by Rasmus Andersson.
3:41 of 2nd period - Stopped by Brian Elliott without a rebound.
3:42 of 2nd period - Eric Staal wins face-off versus Mikkel Boedker in Panthers zone.
3:46 of 2nd period - Minor Penalty to Mikkel Boedker for Tripping.
3:47 of 2nd period - Eric Staal wins face-off versus Quinton Howden in Panthers zone.
4:14 of 2nd period - Sami Vatanen is hit by Alex Pietrangelo and loses puck.
5:46 of 2nd period - Penalty to Mikkel Boedker is over, Mikkel Boedker is back on ice.
6:16 of 2nd period - Quinton Howden is hit by David Savard and loses puck.
6:29 of 2nd period - Snap shot by Miro Aaltonen.
6:29 of 2nd period - Stopped by Christopher Gibson without a rebound.
6:30 of 2nd period - Miro Aaltonen wins face-off versus Anders Lee in Flames zone.
6:54 of 2nd period - Anders Lee is hit by Matt Duchene and loses puck.
7:03 of 2nd period - Snap shot by Matt Duchene.
7:03 of 2nd period - Shot Misses the Net.
8:03 of 2nd period - Minor Penalty to Victor Oreskovich for Interference.
8:04 of 2nd period - Eric Staal wins face-off versus Quinton Howden in Panthers zone.
8:04 of 2nd period - Snap shot by Jimmy Hayes.
8:04 of 2nd period - Shot Misses the Net.
8:06 of 2nd period - Wrist shot by Tanner Pearson.
8:06 of 2nd period - Deflect By Jimmy Hayes.
8:06 of 2nd period - Deflect By Alex Pietrangelo.
8:06 of 2nd period - Shot Misses the Net.
8:06 of 2nd period - Puck is out of play.
8:07 of 2nd period - Eric Staal wins face-off versus Quinton Howden in Panthers zone.
8:24 of 2nd period - Niklas Hansson is hit by Rasmus Andersson and loses puck.
10:03 of 2nd period - Penalty to Victor Oreskovich is over, Victor Oreskovich is back on ice.
10:24 of 2nd period - Slapshot by Anders Lee.
10:24 of 2nd period - Shot Misses the Net.
10:26 of 2nd period - Slapshot by David Savard.
10:26 of 2nd period - Deflect By Kirill Kaprizov.
10:26 of 2nd period - Stopped by Brian Elliott with a rebound.
10:28 of 2nd period - Wrist shot by Anders Lee.
10:28 of 2nd period - Shot Misses the Net.
10:50 of 2nd period - Snap shot by Alex Iafallo.
10:50 of 2nd period - Deflect By David Ullstrom.
10:50 of 2nd period - Shot Misses the Net.
10:50 of 2nd period - Puck is out of play.
10:51 of 2nd period - Anders Lee wins face-off versus Miro Aaltonen in Flames zone.
11:14 of 2nd period - Jordan Staal is hit by Erik Johnson and loses puck.
11:32 of 2nd period - Kevin Labanc is hit by Jordan Staal and loses puck.
11:50 of 2nd period - Icing by Sami Vatanen.
11:51 of 2nd period - Eric Staal wins face-off versus Kris Versteeg in Flames zone.
13:16 of 2nd period - Snap shot by Bryan Rust.
13:16 of 2nd period - Shot Blocked by Niklas Hansson.
13:18 of 2nd period - Snap shot by Eric Staal.
13:18 of 2nd period - Stopped by Brian Elliott without a rebound.
13:19 of 2nd period - Jordan Staal wins face-off versus Patrik Berglund in Panthers zone.
13:30 of 2nd period - Jimmy Hayes is hit by Ryan O'Byrne.
13:52 of 2nd period - Slapshot by Kirill Kaprizov.
13:52 of 2nd period - Deflect By Jordan Staal.
13:52 of 2nd period - Shot Misses the Net.
13:52 of 2nd period - Puck is out of play.
13:53 of 2nd period - Mikkel Boedker wins face-off versus Anders Lee in Flames zone.
13:58 of 2nd period - Wrist shot by Matt Duchene.
13:58 of 2nd period - Shot Blocked by David Savard.
14:26 of 2nd period - Snap shot by Tanner Pearson.
14:26 of 2nd period - Stopped by Brian Elliott without a rebound.
14:27 of 2nd period - Miro Aaltonen wins face-off versus Jimmy Hayes in Panthers zone.
14:54 of 2nd period - Colin Wilson is hit by Kris Versteeg and loses puck.
16:18 of 2nd period - Snap shot by Jake DeBrusk.
16:18 of 2nd period - Stopped by Brian Elliott without a rebound.
16:19 of 2nd period - Matt Duchene wins face-off versus Eric Staal in Panthers zone.
16:45 of 2nd period - Jimmy Hayes is hit by Miro Aaltonen and loses puck.
17:12 of 2nd period - Snap shot by Kevin Labanc.
17:12 of 2nd period - Stopped by Brian Elliott without a rebound.
17:13 of 2nd period - Colin Wilson wins face-off versus Matt Duchene in Panthers zone.
17:23 of 2nd period - Snap shot by Jake DeBrusk.
17:23 of 2nd period - Shot Misses the Net.
17:25 of 2nd period - Snap shot by Jake DeBrusk.
17:25 of 2nd period - Stopped by Brian Elliott with a rebound.
17:32 of 2nd period - Icing by Kris Versteeg.
17:33 of 2nd period - Matt Duchene wins face-off versus Eric Staal in Panthers zone.
18:07 of 2nd period - Wrist shot by Miro Aaltonen.
18:07 of 2nd period - Shot Blocked by Sami Vatanen.
18:09 of 2nd period - Backhand shot by Miro Aaltonen.
18:09 of 2nd period - Shot Misses the Net.
18:11 of 2nd period - Snap shot by Alex Iafallo.
18:11 of 2nd period - Stopped by Christopher Gibson with a rebound.
18:43 of 2nd period - Wrist shot by Tanner Pearson.
18:43 of 2nd period - Shot Blocked by Dion Phaneuf.
18:45 of 2nd period - Snap shot by Sami Vatanen.
18:45 of 2nd period - Stopped by Brian Elliott with a rebound.
19:07 of 2nd period - Snap shot by Tanner Pearson.
19:07 of 2nd period - Shot Hit the Post.
19:09 of 2nd period - Slapshot by Patrik Berglund.
19:09 of 2nd period - Stopped by Brian Elliott without a rebound.
19:10 of 2nd period - Matt Duchene wins face-off versus Eric Staal in Panthers zone.
19:10 of 2nd period - Matt Duchene is hit by Bryan Rust.
19:23 of 2nd period - Icing by Alex Pietrangelo.
19:24 of 2nd period - Matt Duchene wins face-off versus Eric Staal in Panthers zone.
19:43 of 2nd period - Wrist shot by Mikkel Boedker.
19:43 of 2nd period - Shot Misses the Net.
Goals for this period are 1 for Panthers vs 0 for Flames.
Shots for this period are 6 for Panthers vs 10 for Flames.
3rd period
0:01 of 3rd period - Matt Duchene wins face-off versus Eric Staal in neutral zone.
0:04 of 3rd period - Eric Staal is hit by Matt Duchene and loses puck.
0:36 of 3rd period - Wrist shot by Dion Phaneuf.
0:36 of 3rd period - Stopped by Christopher Gibson without a rebound.
0:37 of 3rd period - Tanner Pearson wins face-off versus Kris Versteeg in Flames zone.
0:48 of 3rd period - Jimmy Hayes is hit by Danny DeKeiser and loses puck.
0:53 of 3rd period - Slapshot by Mikkel Boedker.
0:53 of 3rd period - Stopped by Christopher Gibson with a rebound.
1:12 of 3rd period - Slapshot by Bryan Rust.
1:12 of 3rd period - Deflect By Eric Staal.
1:12 of 3rd period - Stopped by Brian Elliott without a rebound.
1:13 of 3rd period - Eric Staal wins face-off versus Mikkel Boedker in Panthers zone.
1:18 of 3rd period - Snap shot by Eric Staal.
1:18 of 3rd period - Shot Misses the Net.
1:31 of 3rd period - Minor Penalty to Mikkel Boedker for Hooking.
1:32 of 3rd period - Eric Staal wins face-off versus Quinton Howden in Panthers zone.
1:34 of 3rd period - Snap shot by Eric Staal.
1:34 of 3rd period - Stopped by Brian Elliott without a rebound.
1:35 of 3rd period - Eric Staal wins face-off versus Quinton Howden in Panthers zone.
3:31 of 3rd period - Penalty to Mikkel Boedker is over, Mikkel Boedker is back on ice.
3:56 of 3rd period - Off-side.
3:57 of 3rd period - Matt Duchene wins face-off versus Eric Staal in neutral zone.
4:16 of 3rd period - Off-side.
4:17 of 3rd period - Colin Wilson wins face-off versus Jordan Staal in neutral zone.
4:52 of 3rd period - Slapshot by Petr Straka.
4:52 of 3rd period - Stopped by Christopher Gibson without a rebound.
4:53 of 3rd period - Eric Staal wins face-off versus Matt Duchene in Flames zone.
5:06 of 3rd period - Backhand shot by Matt Duchene.
5:06 of 3rd period - Shot Blocked by Sami Vatanen.
5:08 of 3rd period - Snap shot by Kris Versteeg.
5:08 of 3rd period - Shot Blocked by Sami Vatanen.
5:10 of 3rd period - Wrist shot by Matt Duchene.
5:10 of 3rd period - Stopped by Christopher Gibson with a rebound.
5:50 of 3rd period - Slapshot by Erik Johnson.
5:50 of 3rd period - Shot Blocked by Jerry D'Amigo.
5:52 of 3rd period - Slapshot by Erik Johnson.
5:52 of 3rd period - Shot Misses the Net.
5:54 of 3rd period - Slapshot by David Ullstrom.
5:54 of 3rd period - Stopped by Brian Elliott with a rebound.
6:16 of 3rd period - Snap shot by Jordan Staal.
6:16 of 3rd period - Stopped by Christopher Gibson without a rebound.
6:17 of 3rd period - Matt Duchene wins face-off versus Eric Staal in Flames zone.
6:34 of 3rd period - Kris Versteeg is hit by Esa Lindell and loses puck.
6:51 of 3rd period - Wrist shot by Miro Aaltonen.
6:51 of 3rd period - Shot Misses the Net.
7:31 of 3rd period - Jerry D'Amigo is hit by Kyle Palmieri.
7:37 of 3rd period - Blake Geoffrion is hit by David Ullstrom and loses puck.
7:43 of 3rd period - Off-side.
7:44 of 3rd period - Eric Staal wins face-off versus Matt Duchene in neutral zone.
8:00 of 3rd period - Wrist shot by Bryan Rust.
8:00 of 3rd period - Shot Misses the Net.
8:10 of 3rd period - Matt Duchene is hit by Kevin Labanc and loses puck.
8:24 of 3rd period - Minor Penalty to Dion Phaneuf for High sticking.
8:25 of 3rd period - Quinton Howden wins face-off versus Eric Staal in Panthers zone.
9:17 of 3rd period - Quinton Howden is hit by Eric Staal and loses puck.
9:38 of 3rd period - Snap shot by Miro Aaltonen.
9:38 of 3rd period - Shot Misses the Net.
10:24 of 3rd period - Penalty to Dion Phaneuf is over, Dion Phaneuf is back on ice.
10:34 of 3rd period - Sami Vatanen is hit by Jordan Staal and loses puck.
11:24 of 3rd period - Minor Penalty to David Savard for Roughing.
11:25 of 3rd period - Patrik Berglund wins face-off versus Miro Aaltonen in Flames zone.
11:31 of 3rd period - Icing by Kirill Kaprizov.
11:32 of 3rd period - Miro Aaltonen wins face-off versus Patrik Berglund in Panthers zone.
11:32 of 3rd period - Miro Aaltonen is hit by Brad Marchand.
12:57 of 3rd period - Patrik Berglund is hit by Victor Oreskovich and loses puck.
13:24 of 3rd period - Penalty to David Savard is over, David Savard is back on ice.
13:27 of 3rd period - Icing by Mathieu Brodeur.
13:28 of 3rd period - Colin Wilson wins face-off versus Quinton Howden in Flames zone.
13:56 of 3rd period - Snap shot by Kirill Kaprizov.
13:56 of 3rd period - Stopped by Christopher Gibson without a rebound.
13:57 of 3rd period - Jordan Staal wins face-off versus Anders Lee in Flames zone.
14:02 of 3rd period - Snap shot by Petr Straka.
14:02 of 3rd period - Shot Misses the Net.
14:29 of 3rd period - Snap shot by Alex Pietrangelo.
14:29 of 3rd period - Stopped by Christopher Gibson without a rebound.
14:30 of 3rd period - Brad Marchand wins face-off versus Miro Aaltonen in Flames zone.
14:41 of 3rd period - Brad Marchand is hit by Alex Pietrangelo and loses puck.
14:56 of 3rd period - Mikkel Boedker is hit by Tanner Pearson and loses puck.
15:21 of 3rd period - Wrist shot by Petr Straka.
15:21 of 3rd period - Shot Blocked by Kevin Labanc.
15:23 of 3rd period - Slapshot by Griffin Reinhart.
15:23 of 3rd period - Stopped by Christopher Gibson without a rebound.
15:23 of 3rd period - Minor Penalty to Jordan Staal for Cross-checking.
15:24 of 3rd period - Eric Staal wins face-off versus Quinton Howden in Panthers zone.
15:37 of 3rd period - Snap shot by Kris Versteeg.
15:37 of 3rd period - Stopped by Christopher Gibson with a rebound.
15:39 of 3rd period - Snap shot by Kris Versteeg.
15:39 of 3rd period - Shot Misses the Net.
15:41 of 3rd period - Snap shot by Quinton Howden.
15:41 of 3rd period - Stopped by Christopher Gibson with a rebound.
17:23 of 3rd period - Penalty to Jordan Staal is over, Jordan Staal is back on ice.
17:38 of 3rd period - Wrist shot by Anders Lee.
17:38 of 3rd period - Deflect By David Ullstrom.
17:38 of 3rd period - Stopped by Brian Elliott with a rebound.
17:40 of 3rd period - Slapshot by Mathieu Brodeur.
17:40 of 3rd period - Stopped by Brian Elliott without a rebound.
17:41 of 3rd period - Petr Straka wins face-off versus Eric Staal in Panthers zone.
18:37 of 3rd period - Wrist shot by Kevin Labanc.
18:37 of 3rd period - Shot Misses the Net.
18:39 of 3rd period - Slapshot by Rasmus Andersson.
18:39 of 3rd period - Shot Blocked by Miro Aaltonen.
18:41 of 3rd period - Snap shot by Rasmus Andersson.
18:41 of 3rd period - Shot Blocked by Dion Phaneuf.
19:07 of 3rd period - Quinton Howden is hit by Sami Vatanen and loses puck.
19:10 of 3rd period - Flames, Christopher Gibson is pulled from the net.
19:14 of 3rd period - Snap shot by Bryan Rust.
19:14 of 3rd period - Goal by Bryan Rust - Panthers : 3 - Flames : 3.
19:14 of 3rd period - Christopher Gibson from Flames was sent back in the game.
19:15 of 3rd period - Petr Straka wins face-off versus Colin Wilson in neutral zone.
Goals for this period are 0 for Panthers vs 1 for Flames.
Shots for this period are 10 for Panthers vs 6 for Flames.
Overtime #1
0:01 of 1st overtime period - Matt Duchene wins face-off versus Eric Staal in neutral zone.
0:26 of 1st overtime period - Jordan Staal is hit by Jimmy Hayes and loses puck.
1:31 of 1st overtime period - Wrist shot by Brad Marchand.
1:31 of 1st overtime period - Stopped by Brian Elliott without a rebound.
1:32 of 1st overtime period - Quinton Howden wins face-off versus Eric Staal in Panthers zone.
1:37 of 1st overtime period - Snap shot by Alex Pietrangelo.
1:37 of 1st overtime period - Deflect By Miro Aaltonen.
1:37 of 1st overtime period - Stopped by Christopher Gibson without a rebound.
1:38 of 1st overtime period - Eric Staal wins face-off versus Matt Duchene in Flames zone.
1:49 of 1st overtime period - Snap shot by Tanner Pearson.
1:49 of 1st overtime period - Shot Misses the Net.
1:51 of 1st overtime period - Wrist shot by Tanner Pearson.
1:51 of 1st overtime period - Shot Blocked by Matt Duchene.
1:53 of 1st overtime period - Wrist shot by Eric Staal.
1:53 of 1st overtime period - Deflect By Tanner Pearson.
1:53 of 1st overtime period - Stopped by Brian Elliott without a rebound.
1:54 of 1st overtime period - Eric Staal wins face-off versus Matt Duchene in Panthers zone.
2:09 of 1st overtime period - Snap shot by Eric Staal.
2:09 of 1st overtime period - Stopped by Brian Elliott without a rebound.
2:10 of 1st overtime period - Eric Staal wins face-off versus Matt Duchene in Panthers zone.
2:17 of 1st overtime period - Slapshot by Tanner Pearson.
2:17 of 1st overtime period - Stopped by Brian Elliott without a rebound.
2:18 of 1st overtime period - Matt Duchene wins face-off versus Eric Staal in Panthers zone.
2:27 of 1st overtime period - Slapshot by Alex Pietrangelo.
2:27 of 1st overtime period - Stopped by Christopher Gibson with a rebound.
2:30 of 1st overtime period - Icing by Erik Johnson.
2:31 of 1st overtime period - Matt Duchene wins face-off versus Eric Staal in Flames zone.
2:34 of 1st overtime period - Snap shot by Kris Versteeg.
2:34 of 1st overtime period - Shot Blocked by Eric Staal.
2:36 of 1st overtime period - Wrist shot by Matt Duchene.
2:36 of 1st overtime period - Deflect By Kris Versteeg.
2:36 of 1st overtime period - Stopped by Christopher Gibson with a rebound.
2:38 of 1st overtime period - Snap shot by Matt Duchene.
2:38 of 1st overtime period - Shot Misses the Net.
2:46 of 1st overtime period - Snap shot by Alex Pietrangelo.
2:46 of 1st overtime period - Shot Misses the Net.
3:08 of 1st overtime period - Snap shot by Jimmy Hayes.
3:08 of 1st overtime period - Deflect By Patrik Berglund.
3:08 of 1st overtime period - Goal by Patrik Berglund - Panthers : 3 - Flames : 4.
Goals for this period are 0 for Panthers vs 1 for Flames.
Shots for this period are 3 for Panthers vs 5 for Flames.